Map: Prion Terraces

Players

MajorRichy - Winner!

  • Race: Terran Terran
  • League: Gold

Anathema

  • Race: Zerg Zerg
  • League: Gold

VOD

Have the link to the VOD?

Description

Loss to Terran despite early pressure

Time

  • Played on: Feb. 14, 2016, 11:44 a.m.
  • Length: 8:34
Show
View Real Time Build Order
Export as new Build Order

MajorRichy Terran - Winner!

Build Orders: MMM Bio 

Get SALT Encoding   

  12  0:01  SCV  
  13  0:13  SCV  
  14  0:18  Supply Depot  
  14  0:25  SCV  
  15  0:40  SCV  
  15  0:41  Barracks  
  16  0:49  Refinery  
  16  0:53  SCV  
  17  1:05  SCV  
  18  1:17  SCV  
  19  1:28  Marine  
  19  1:31  Orbital Command  
  20  1:41  Command Center  
  20  1:46  Marine  
  21  1:55  Supply Depot  
  21  1:58  Refinery  
  21  2:01  SCV  
  22  2:04  Marine  
  23  2:17  SCV  
  24  2:28  Barracks Tech Lab  
  24  2:33  Barracks, SCV  
  24  2:34  Barracks  
  25  2:45  SCV  
  25  2:47  Stimpack  
  25  2:48  Marine  
  27  2:55  Orbital Command  
  27  2:59  SCV  
  27  3:11  Marine  
  28  3:18  Engineering Bay  
  28  3:23  Factory  
  28  3:25  Barracks Reactor  
  28  3:26  Barracks Reactor  
  28  3:30  SCV  
  29  3:35  Marauder  
  29  3:39  SCV  
  32  3:43  Terran Infantry Weapons Level 1  
  32  3:45  SCV  
  33  3:52  SCV, Supply Depot  
  34  3:59  Marauder  
  34  4:00  SCV  
  37  4:04  Marine x2  
  37  4:06  Marine x2  
  41  4:12  SCV  
  41  4:14  SCV  
  43  4:17  Starport  
  43  4:19  Factory Reactor  
  43  4:28  Supply Depot  
  43  4:29  Marauder  
  43  4:30  Marine x2  
  39  4:48  Marine x4  
  35  5:05  SCV x2  
  35  5:06  Marauder  
  39  5:08  Supply Depot  
  39  5:14  Marine  
  39  5:15  Marine x3  
  39  5:17  Medivac x2  
  47  5:21  Supply Depot  
  47  5:30  SCV x2  
  47  5:34  Combat Shields  
  49  5:38  Terran Infantry Armor Level 1  
  49  5:41  Supply Depot  
  49  5:45  SCV x2  
  49  5:49  Marine x2  
  53  5:52  Refinery  
  53  5:54  Marine x2  
  53  5:56  Marauder  
  57  5:58  SCV  
  57  6:00  SCV  
  59  6:11  SCV  
  60  6:12  SCV  
  60  6:13  Marine x4  
  65  6:23  SCV  
  65  6:24  SCV, Marauder  
  69  6:25  Medivac  
  69  6:26  Medivac  
  69  6:32  Engineering Bay  
  73  6:38  Armory  
  73  6:40  SCV  
  73  6:41  SCV  
  73  6:44  Marine x2  
  77  6:48  Marine  
  77  6:49  Marine, Marauder  
  81  7:01  Marine x2  
  81  7:03  Medivac  
  81  7:04  SCV  
  81  7:06  Marine  
  86  7:14  Marine  
  85  7:16  Medivac, Marauder  
  85  7:20  Marine  
  85  7:21  Marine  
  82  7:34  Marine x2  
  84  7:37  Marine  
  84  7:38  Marine  
  84  7:42  SCV  
  86  7:46  Marine  
  86  7:56  Marine, SCV  
  86  7:58  Marine x2  
  86  8:00  Marine  
  86  8:04  Marine  
  78  8:14  Marine  
  78  8:19  Barracks  
  79  8:22  Barracks  
  79  8:23  Barracks x2  
Show
View Real Time Build Order
Export as new Build Order

Anathema Zerg 

Build Orders: Hatch First 

Get SALT Encoding   

  12  0:01  Drone  
  13  0:08  Drone  
  14  0:17  Overlord  
  14  0:23  Extractor, Drone  
  15  0:35  Drone x2  
  17  0:54  Hatchery  
  16  0:59  Extractor, Drone  
  16  1:01  Drone  
  17  1:06  Drone  
  18  1:21  Spawning Pool  
  17  1:29  Drone x2  
  19  1:38  Drone  
  20  1:49  Overlord  
  20  2:10  Queen  
  20  2:15  Roach Warren, Queen  
  21  2:18  Drone x2  
  25  2:30  Extractor, Drone x2  
  25  2:31  Drone x2  
  25  2:36  Overlord  
  28  2:42  Overlord  
  28  2:46  Overlord  
  30  2:58  Roach x2  
  32  3:06  Roach x2  
  36  3:14  Roach  
  38  3:20  Roach  
  38  3:25  Roach x3  
  46  3:38  Drone x3  
  46  3:39  Drone  
  50  3:45  Drone  
  51  3:53  Ravager  
  51  3:54  Ravager x2  
  54  4:01  Drone x4  
  58  4:06  Drone  
  58  4:07  Drone  
  58  4:08  Overlord  
  60  4:12  Lair  
  60  4:27  Extractor  
  60  4:29  Evolution Chamber  
  58  4:34  Hatchery  
  38  5:05  Drone  
  38  5:06  Roach x4  
  38  5:07  Roach x7  
  59  5:23  Metabolic Boost  
  59  5:27  Extractor  
  58  5:29  Drone x5  
  63  5:36  Roach x2  
  63  5:38  Overlord x2  
  63  5:39  Overlord  
  67  5:46  Queen x2  
  71  5:50  Drone x3  
  74  5:59  Drone  
  74  6:00  Drone x3  
  78  6:05  Zerg Missile Weapons Level 1  
  78  6:13  Infestation Pit  
  78  6:14  Drone x3  
  78  6:15  Drone x4  
  84  6:22  Queen  
  84  6:24  Evolution Chamber  
  85  6:26  Glial Reconstitution  
  85  6:28  Roach x3  
  85  6:32  Drone x7  
  98  6:35  Overlord  
  98  6:44  Overlord x2  
  98  6:51  Extractor  
  97  6:54  Extractor  
  97  6:59  Overlord  
  97  7:00  Roach x3  
  97  7:01  Roach x2  
  104  7:20  Roach x6  
  104  7:21  Roach x3  
  98  7:28  Roach x4  
  102  7:37  Roach  
  102  7:38  Roach x3  
  106  7:50  Roach x2  
  106  7:51  Roach  
  76  8:10  Roach x4  
  76  8:11  Roach  
Tags
 
Composition
MMM Bio
League
GoldGold
Matchup
TvZ
Add a new tag
Caveats
  • Supply blocks, unpowered buildings, or Contaminate may cause inaccurate times.
  • Supply counts are checked every 10 seconds.